 Dungeon Crawl Stone Soup version 0.30-a0-777-ga9a30cbeda (webtiles) character file.

Game seed: 6090283085434883135

1814 jimonade the Ogre Mage (level 9, -14/79 HPs)
             Began as an Ogre Ice Elementalist on Feb 13, 2023.
             Was a Follower of Okawaru.
             Killed from afar by an acid dragon (29 damage)
             ... with a splash of acid
             ... on level 7 of the Dungeon.
             The game lasted 00:15:15 (5994 turns).

jimonade the Ogre Mage (Ogre Ice Elementalist)      Turns: 5994, Time: 00:15:15

Health: -14/79     AC:  6    Str: 15    XL:     9   Next: 10%
Magic:  22/22      EV: 10    Int: 14    God:    Okawaru [*.....]
Gold:   343        SH:  0    Dex:  9    Spells: 20/27 levels left

rFire   x . .      SeeInvis .    a - +1 flail (protect)
rCold   + + .      Faith    .    (no shield)
rNeg    + + +      Spirit   .    x - +1 robe of Ihiamun {rPois rN+++ Regen+ Str-3 Int-2}
rPois   +          Reflect  .    (helmet restricted)
rElec   .          Harm     .    K - +1 cloak
rCorr   .          Rampage  .    (gloves unavailable)
Will    .....                    (boots unavailable)
Stlth   +                        q - amulet of magic regeneration
HPRegen 1.13/turn                h - ring of protection from cold
MPRegen 0.58/turn                c - ring of ice

@: no status effects
A: large, unfitting armour, tough skin 1
a: Renounce Religion, Heroism


You were on level 7 of the Dungeon.
You worshipped Okawaru.
Okawaru was aware of your devotion.
You visited 2 branches of the dungeon, and saw 8 of its levels.

You collected 343 gold pieces.

Inventory:

Hand Weapons
 a - a +1 flail of protection (weapon)
 C - a +1 whip
 D - a +0 flail
 F - a +0 giant spiked club
Missiles
 k - 44 stones
 v - 2 boomerangs
 y - 6 poisoned darts
 B - 3 curare-tipped darts (quivered)
Armour
 d - a +0 robe
 x - the +1 robe of Ihiamun (worn) {rPois rN+++ Regen+ Str-3 Int-2}
   (You found it on level 4 of the Dungeon)

   Str:       It affects your strength (-3).
   Int:       It affects your intelligence (-2).
   rPois:     It protects you from poison.
   rN:        It renders you almost immune to negative energy.
   Regen:     It increases your rate of health regeneration.
 K - a +1 cloak (worn)
Magical Staves
 n - a staff of air
Jewellery
 c - a ring of ice (right hand)
 h - a ring of protection from cold (left hand)
 j - a ring of flight
 q - an amulet of magic regeneration (around neck)
 u - a ring of resist corrosion
 J - a ring of see invisible
Wands
 I - a wand of polymorph (3)
Scrolls
 f - a scroll of immolation
 g - 3 scrolls of enchant weapon
 l - a scroll of torment {unknown}
 m - a scroll of brand weapon {unknown}
 p - a scroll of poison {unknown}
 r - a scroll of fear {unknown}
 s - 2 scrolls of amnesia
 w - a scroll of noise {unknown}
 A - 2 scrolls of magic mapping {unknown}
 G - a scroll of teleportation {unknown}
Potions
 b - 2 potions of magic
 e - a potion of lignification
 i - a potion of flight {unknown}
 o - 6 potions of curing
 t - a potion of berserk rage {unknown}
 z - a potion of degeneration {unknown}
 E - a potion of attraction {unknown}
 H - a potion of haste {unknown}


   Skills:
 + Level 2.2 Fighting
 + Level 3.3 Maces & Flails
 + Level 0.1 Throwing
 + Level 3.0 Dodging
 - Level 1.4 Stealth
 * Level 9.7 Spellcasting
 + Level 6.2 Ice Magic


You had 20 spell levels left.
You knew the following spells:

 Your Spells              Type           Power      Damage    Failure   Level
a - Freeze                Ice            100%       1d10      1%          1
b - Frozen Ramparts       Ice            72%        1d11      2%          3
c - Ozocubu's Armour      Ice            36%        N/A       2%          3

Your spell library contained the following spells:

 Spells                   Type           Power      Damage    Failure   Level
 Sting                    Tmut/Pois      24%        1d4       11%         1
 Summon Ice Beast         Ice/Summ       Unusable   N/A       N/A         4

Dungeon Overview and Level Annotations

Branches:
Dungeon (7/15)             Temple (1/1) D:4

Altars:
Ashenzari
Cheibriados
Dithmenos
Elyvilon
Fedhas
Gozag
Hepliaklqana
Kikubaaqudgha
Makhleb
Nemelex Xobeh
Okawaru
Ru
Trog
Uskayaw
Vehumet
Wu Jian
Xom
Zin
The Shining One

Shops:
D:4 :

Annotations:
D:5 exclusion: centaur


Innate Abilities, Weirdness & Mutations

You are too large for most types of armour.
You have tough skin. (AC +1)


Message History

Confirm with . or Enter, or press ? or * to list all spells.
Aiming: Freeze (safe; 1% risk of failure)
Press: ? - help, Shift-Dir - straight line You feel a surge of power!
You freeze something.
The wall freezes something.
Something hits you but does no damage.
The wall freezes something.
Something hits you.
* * * LOW HITPOINT WARNING * * *
The wall freezes something but does no damage.
Something hits you but does no damage.
Okay, then.
Unknown command.
Okay, then.
Unknown command.
Unknown command.
Casting: Freeze (safe; 1% risk of failure)
Confirm with . or Enter, or press ? or * to list all spells.
Okay, then.
Unknown command.
Your icy armour cracks and falls away as you move.
The frozen ramparts melt away as you move.
Something hits you.
* * * LOW HITPOINT WARNING * * *
The acid dragon spits acid at you.
The splash of acid hits something!
The acid corrodes something!
Reactivating autopickup.
You feel a bit more experienced.
You hear an angry hiss.
You hear a shout!
Your Dodging skill increases to level 3!
You have reached level 9!
Your experience leads to an increase in your attributes!
Your base attributes are Str 15, Int 16, Dex 9.
Increase (S)trength, (I)ntelligence, or (D)exterity?
You feel stronger. x3
The acid dragon spits acid at you. The splash of acid hits you!!
* * * LOW HITPOINT WARNING * * *
You see here a +0 club.
The acid dragon spits acid at you. The splash of acid hits you!!
You die...

#....## #..## ..###.##
.#)# #....#
#..###.###...## ### #...##
#..##..##.....## .#! #..##
#..##.##...#...## #..#
#..##.#.D.###...# ##..#
##..#..#).## ##..# #..###
###...#...##########
.....#####................
#.........[.....@.....###.
#..##................##
#..#####.......<....## ...
#.## ##..........## #...
#.# ##.........## #....
#.# #..........# ..... ..#
##.........##..... ..#
#...##..........# #.##
#....###.......##


You could see an acid dragon (catching breath).

Vanquished Creatures
  A troll (D:7)
  A hornet (D:7)
  A slime creature (D:7)
  Edmund (D:6)
  A water moccasin (D:5)
  A black bear (D:5)
  An ogre (D:6)
  A bullfrog (D:6)
  2 scorpions
  A necrophage (D:6)
  4 jellies
  2 hounds
  5 iguanas
  6 adders
  A white imp (D:6)
  2 ufetubi
  A worm (D:2)
  3 dart slugs
  3 orcs
  8 ball pythons
  5 bats
  5 endoplasms
  2 giant cockroaches
  9 hobgoblins
  6 jackals
  2 quokkas
  A frilled lizard (D:1)
  8 goblins
  5 kobolds
  7 rats
96 creatures vanquished.

Vanquished Creatures (others)
  An unseen horror (D:7)
1 creature vanquished.

Grand Total: 97 creatures vanquished

Notes
Turn   | Place    | Note
-------+----------+-------------------------------------------
     0 | D:1      | jimonade the Ogre Ice Elementalist began the quest for the
                  | Orb.
     0 | D:1      | Reached XP level 1. HP: 16/16 MP: 3/3
   260 | D:1      | Reached XP level 2. HP: 24/24 MP: 2/5
   714 | D:1      | Reached skill level 3 in Spellcasting
  1195 | D:2      | Reached XP level 3. HP: 31/31 MP: 3/7
  1356 | D:2      | Noticed a scorpion
  1373 | D:2      | Learned a level 3 spell: Frozen Ramparts
  1377 | D:2      | Learned a level 3 spell: Ozocubu's Armour
  1412 | D:2      | Killed a scorpion
  1413 | D:2      | Reached skill level 4 in Spellcasting
  1413 | D:2      | Reached XP level 4. HP: 15/39 MP: 0/10
  1617 | D:2      | Found a faded altar of an unknown god.
  1625 | D:2      | Got Plato's Compilation of Infected Composition
  2320 | D:3      | Reached XP level 5. HP: 43/45 MP: 7/11
  3153 | D:4      | Found a staircase to the Ecumenical Temple.
  3163 | Temple   | Entered the Ecumenical Temple
  3349 | D:4      | Found Geoch's Book Shop.
  3406 | D:4      | Identified the +1 robe of Ihiamun {rPois rN+++ Regen+ Str-3
                  | Int-2}
  3463 | D:4      | Reached skill level 5 in Spellcasting
  3859 | D:5      | Entered Level 5 of the Dungeon
  3882 | D:5      | Noticed a centaur
  3966 | D:5      | Reached XP level 6. HP: 53/53 MP: 10/14
  3985 | D:5      | Noticed a black bear
  4017 | D:5      | Killed a black bear
  4018 | D:5      | Reached skill level 1 in Maces & Flails
  4018 | D:5      | Reached skill level 6 in Spellcasting
  4215 | D:5      | Reached skill level 5 in Ice Magic
  4253 | D:5      | Noticed a water moccasin
  4262 | D:5      | Killed a water moccasin
  4263 | D:5      | Reached XP level 7. HP: 57/61 MP: 8/16
  4698 | D:6      | Reached skill level 7 in Spellcasting
  4817 | D:6      | Noticed Edmund
  4830 | D:6      | Killed Edmund
  4899 | D:6      | Reached XP level 8. HP: 65/68 MP: 19/19
  4903 | D:6      | Reached skill level 8 in Spellcasting
  4923 | D:6      | Reached skill level 1 in Fighting
  5476 | D:6      | Found a hazy altar of Hepliaklqana.
  5476 | D:6      | Found an iron altar of Okawaru.
  5484 | D:6      | Found an opulent altar of Gozag.
  5497 | D:6      | Became a worshipper of Warmaster Okawaru
  5500 | D:6      | Found a glowing silver altar of Zin.
  5502 | D:6      | Found an ornate altar of the Wu Jian Council.
  5961 | D:7      | Noticed a troll
  5961 | D:7      | Noticed a slime creature
  5961 | D:7      | Noticed a cyclops
  5961 | D:7      | Noticed a hornet
  5961 | D:7      | Noticed a slime creature
  5967 | D:7      | Killed a troll
  5973 | D:7      | Killed a slime creature
  5973 | D:7      | Reached * piety under Okawaru
  5974 | D:7      | Reached skill level 9 in Spellcasting
  5978 | D:7      | Killed a hornet
  5983 | D:7      | Killed an unseen horror
  5984 | D:7      | Reached XP level 9. HP: 21/79 MP: 20/22
  5994 | D:7      | Killed from afar by an acid dragon

Illustrated notes

Levels and vault maps discovered:
D:1:      minmay_arrival_widening_spiral_wide, layout_basic, hex_large
D:2:      layout_loops_ring, shapermc_ecumenical_altar_rom_forum
D:3:      layout_loops_ring
D:4:      layout_loops_ring, minmay_temple_entry_slanted, serial_shops,
          nicolae_square_shop
D:5:      layout_basic, kennysheep_flooded_box
D:6:      layout_basic, chequers_temple_overflow_minitemple, uniq_edmund
D:7:      minmay_the_grid_triangle_9x9_recursive_2
          [minmay_the_grid_triangle_9x9_prize_top_heavy,
          minmay_the_grid_triangle_9x9_sprig,
          minmay_the_grid_triangle_9x9_limited_checkers,
          minmay_the_grid_triangle_9x9_steps], layout_layer_cave, led_sif_book,
          gammafunk_temple_overflow_statue
Temple:   nicolae_temple_great_sept

Skill      XL: |  1  2  3  4  5  6  7  8 |
---------------+-------------------------+-----
Ice Magic      | 4 5 6 |  6.2
Spellcasting   | 3 4 5 6 7 9 |  9.7
Dodging        | 2 3 |  3.0
Maces & Flails | 1 3 |  3.3
Fighting       | 2 |  2.2
Throwing       | |  0.1
Stealth        | |  1.4

Action                     |  1- 3 |  4- 6 |  7- 9 || total
---------------------------+-------+-------+-------++-------
  Melee: Whip              |    11 |   102 |       ||   113
         Punch             |       |     3 |       ||     3
         Flail             |       |       |    63 ||    63
  Throw: Dart              |       |       |     2 ||     2
   Cast: Freeze            |    38 |    26 |    26 ||    90
         Frozen Ramparts   |     1 |    18 |     7 ||    26
         Ozocubu's Armour  |     1 |    16 |    11 ||    28
    Use: Scroll            |       |     5 |       ||     5
   Stab: Sleeping          |       |     1 |       ||     1
 Armour: Robe              |    17 |    59 |    43 ||   119
  Dodge: Dodged            |    12 |    78 |    41 ||   131

Table legend: (Time is in decaauts)
 A = Elapsed time spent in this place.
 B = Non-inter-level travel time spent in this place.
 C = Inter-level travel time spent in this place.
 D = Time resting spent in this place.
 E = Time spent auto-exploring this place.
 F = Levels seen in this place.
 G = Mean time per level.
                   A        B        C        D        E       F      G
               +--------+--------+--------+--------+--------+-----+--------+
         Total |   6018 |   5690 |    328 |    107 |   4360 |   8 |  752.2 |
       Dungeon |   5937 |   5621 |    316 |    107 |   4302 |   7 |  848.1 |
        Temple |     80 |     68 |     12 |      0 |     58 |   1 |   80.0 |
               +--------+--------+--------+--------+--------+-----+--------+

Top non-repeatable levels by time:
     D:1: 1107 daAuts
     D:6: 1088 daAuts
     D:2: 1026 daAuts
     D:3: 841 daAuts
     D:4: 836 daAuts
     D:5: 780 daAuts
     D:7: 256 daAuts
  Temple: 80 daAuts
